Map: World of Sleepers LE

Players

qazer

  • Race: Zerg Zerg
  • League: Gold
  • Spawn Location: 1:00

kers - Winner!

  • Race: Protoss Protoss
  • League: Platinum
  • Spawn Location: 7:00

VOD

Have the link to the VOD?

Description

Time

  • Played on: March 6, 2020, 2:08 p.m.
  • Length: 15:52
Show
View Real Time Build Order
Export as new Build Order

qazer Zerg 

Build Orders: Hatch First 

Get SALT Encoding   

  12  0:01  Drone  
  13  0:08  Drone  
  14  0:17  Overlord  
  14  0:35  Drone x3  
  17  0:54  Hatchery  
  17  0:56  Drone  
  17  1:02  Extractor, Drone  
  17  1:16  Spawning Pool  
  16  1:18  Drone  
  17  1:27  Drone  
  17  1:30  Drone  
  19  1:41  Overlord  
  19  1:52  Drone  
  20  2:02  Drone  
  20  2:05  Queen  
  23  2:09  Queen  
  23  2:11  Drone  
  23  2:13  Zergling x2  
  27  2:18  Zergling x2  
  28  2:23  Drone  
  28  2:28  Drone  
  30  2:34  Drone  
  31  2:37  Metabolic Boost  
  31  2:44  Roach Warren  
  31  2:47  Drone x2  
  32  3:00  Drone  
  32  3:01  Drone x2  
  35  3:09  Drone  
  36  3:18  Hatchery  
  34  3:20  Queen  
  34  3:21  Overlord  
  35  3:28  Drone  
  36  3:38  Evolution Chamber  
  36  3:40  Drone x6, Evolution Chamber  
  40  3:46  Drone  
  41  3:51  Drone  
  41  3:52  Drone x2  
  41  3:54  Overlord  
  44  3:56  Overlord  
  44  4:00  Extractor  
  44  4:02  Drone  
  44  4:03  Extractor  
  44  4:07  Overlord  
  43  4:13  Queen  
  43  4:15  Roach  
  43  4:16  Roach  
  49  4:18  Roach  
  49  4:20  Roach  
  53  4:27  Drone  
  53  4:28  Drone  
  53  4:30  Drone  
  53  4:31  Queen  
  58  4:41  Roach x3  
  64  4:46  Zerg Missile Weapons Level 1  
  64  4:50  Zerg Ground Armor Level 1  
  64  4:52  Roach  
  67  5:07  Drone x8  
  74  5:24  Spore Crawler  
  73  5:49  Overlord x8  
  73  6:06  Queen  
  75  6:17  Hatchery  
  74  6:20  Drone  
  74  6:21  Drone x15  
  90  6:31  Spore Crawler  
  89  6:45  Roach  
  89  6:46  Roach x6  
  103  6:54  Lair  
  103  6:57  Zerg Melee Weapons Level 1  
  103  7:01  Roach x4  
  111  7:21  Spore Crawler  
  110  7:28  Extractor, Roach  
  110  7:29  Roach x11  
  133  7:32  Ravager  
  133  7:33  Ravager x6  
  140  7:53  Hydralisk Den  
  139  8:03  Extractor  
  138  8:14  Nydus Network  
  138  8:18  Extractor  
  136  8:21  Extractor  
  135  9:01  Hydralisk x4  
  143  9:04  Overlord x7  
  143  9:05  Overlord x6  
  143  9:06  Overlord  
  143  9:19  Hatchery  
  142  9:36  Overlord x2  
  142  9:37  Overlord x2  
  142  9:38  Hydralisk  
  142  9:39  Hydralisk x10  
  164  9:46  Grooved Spines  
  164  10:02  Queen  
  166  10:08  Hydralisk x4  
  166  10:11  Hydralisk  
  176  10:15  Zergling x14  
  183  10:51  Drone x6  
  183  10:52  Drone x5  
  183  10:53  Hatchery  
  183  10:55  Hydralisk x3  
  199  10:57  Muscular Augments  
  196  11:30  Hydralisk  
  196  11:31  Hydralisk  
  168  11:52  Hydralisk x15  
  176  12:07  Roach  
  176  12:08  Roach x4  
  186  12:14  Roach Warren  
  174  12:24  Hydralisk x4  
  164  12:42  Spawning Pool  
  119  13:25  Hatchery, Hydralisk  
  119  13:26  Hydralisk x8  
  136  13:28  Queen  
  138  13:42  Drone x3  
  140  14:05  Lair  
  137  14:21  Hatchery  
  124  14:39  Drone  
  124  14:40  Drone x5  
  124  14:43  Drone x4  
  124  14:44  Drone x2  
  136  15:02  Drone  
  136  15:03  Drone x2  
  139  15:17  Evolution Chamber  
  139  15:20  Evolution Chamber  
Show
View Real Time Build Order
Export as new Build Order

kers Protoss - Winner!

Build Orders: 1 Gate Expand, Archon Immortal 

Get SALT Encoding   

  12  0:00  Probe  
  13  0:13  Probe  
  14  0:22  Pylon  
  14  0:25  Probe  
  15  0:40  Probe  
  16  0:45  Gateway  
  16  0:51  Assimilator  
  16  0:52  Probe  
  18  1:04  Probe  
  18  1:16  Probe (Chrono Boost)  
  20  1:26  Probe (Chrono Boost)  
  20  1:32  Nexus  
  19  1:49  Cybernetics Core  
  20  1:54  Probe  
  20  1:55  Pylon  
  20  2:05  Assimilator  
  20  2:06  Probe (Chrono Boost)  
  22  2:16  Probe (Chrono Boost)  
  22  2:21  Probe (Chrono Boost)  
  22  2:29  Warp Gate (Chrono Boost)  
  23  2:30  Robotics Facility  
  23  2:34  Adept  
  23  2:37  Probe  
  26  2:48  Probe  
  26  2:49  Probe  
  28  3:00  Probe  
  28  3:01  Probe  
  28  3:04  Stalker  
  32  3:12  Probe  
  33  3:13  Probe  
  33  3:17  Pylon  
  34  3:24  Probe  
  34  3:25  Probe  
  36  3:33  Gateway  
  36  3:34  Gateway  
  36  3:36  Probe  
  36  3:37  Probe  
  36  3:39  Sentry  
  40  3:42  Observer  
  40  3:47  Pylon  
  40  3:48  Probe  
  42  3:49  Probe  
  43  4:00  Probe  
  43  4:01  Probe  
  45  4:07  Assimilator, Twilight Council  
  45  4:09  Assimilator  
  45  4:10  Forge  
  45  4:12  Probe  
  45  4:13  Probe  
  45  4:14  Observer  
  48  4:21  Stalker  
  50  4:24  Probe  
  50  4:25  Probe  
  50  4:31  Pylon  
  52  4:36  Probe  
  52  4:38  Probe  
  54  4:45  Immortal  
  58  4:49  Probe  
  58  4:50  Probe  
  60  4:53  Protoss Ground Weapons Level 1 (Chrono Boost)  
  60  4:58  Charge, Pylon  
  60  5:01  Probe, Sentry  
  60  5:02  Probe  
  60  5:03  Pylon  
  64  5:13  Probe  
  65  5:14  Probe  
  66  5:25  Probe  
  66  5:26  Probe  
  68  5:34  Immortal (Chrono Boost)  
  68  5:37  Probe  
  68  5:38  Probe, Nexus  
  68  5:41  Pylon  
  74  5:49  Probe  
  75  5:50  Probe  
  75  5:51  Pylon, Stalker  
  75  5:52  Stalker x2  
  82  5:57  Templar Archives  
  82  6:01  Probe  
  82  6:02  Probe  
  84  6:13  Probe  
  84  6:14  Probe  
  86  6:19  Pylon  
  86  6:23  Pylon, Immortal  
  90  6:25  Probe  
  90  6:26  Probe, Assimilator  
  90  6:30  Assimilator  
  92  6:37  Probe  
  92  6:39  Probe  
  94  6:50  Probe  
  94  6:51  Probe  
  94  6:52  Probe  
  97  7:02  Probe  
  97  7:03  Probe, Gateway x2  
  97  7:04  Probe  
  97  7:06  Gateway, Protoss Ground Armor Level 1 (Chrono Boost)  
  100  7:10  Gateway x2  
  100  7:14  Probe  
  100  7:15  Probe  
  102  7:17  Probe  
  102  7:19  High Templar x3  
  109  7:27  Probe  
  109  7:28  Pylon  
  112  7:32  Pylon  
  112  7:36  Pylon  
  112  7:37  Pylon  
  110  7:50  Immortal  
  114  7:52  High Templar x3, Nexus  
  114  7:53  Pylon  
  114  7:54  Archon  
  114  7:57  Pylon, Archon x2  
  120  8:00  Assimilator  
  120  8:11  High Templar x4  
  120  8:12  High Templar  
  130  8:17  Archon x2  
  130  8:35  Photon Cannon  
  130  8:43  Shield Battery x2  
  130  8:45  Photon Cannon, Warp Prism (Chrono Boost)  
  130  8:46  Photon Cannon  
  130  8:47  Shield Battery  
  132  8:49  High Templar x5  
  132  8:54  Zealot  
  132  8:55  Zealot x2  
  148  8:57  Archon x2  
  148  8:59  Archon  
  148  9:04  Protoss Ground Weapons Level 2 (Chrono Boost)  
  148  9:08  Blink  
  148  9:29  Zealot x3  
  148  9:30  Zealot  
  158  9:43  Observer (Chrono Boost)  
  157  9:50  High Templar x3  
  163  9:54  Archon  
  163  9:58  Zealot x5  
  173  10:13  Gateway  
  173  10:14  Gateway  
  173  10:17  Gateway  
  173  10:19  Gateway  
  173  10:22  Gateway x2  
  173  10:28  High Templar x4  
  181  10:31  High Templar  
  181  10:33  Archon x2  
  181  10:35  Archon  
  183  10:50  Zealot x3  
  189  11:02  Zealot x3  
  195  11:06  Pylon  
  195  11:08  Pylon  
  195  11:09  Pylon  
  175  11:42  Zealot x4  
  175  11:43  Zealot x6  
  175  11:44  Zealot x2  
  177  11:51  Warp Prism (Chrono Boost)  
  171  12:02  Zealot x3  
  176  12:12  Protoss Ground Weapons Level 3 (Chrono Boost)  
  158  12:33  Zealot  
  158  12:34  Zealot x5  
  158  12:35  Zealot x6  
  158  12:36  Zealot x2  
  174  12:55  High Templar x7  
  174  12:56  High Templar  
  168  13:00  Immortal  
  168  13:03  Archon x4  
  154  13:06  Stalker x5  
  154  13:07  Stalker  
  160  13:42  Nexus  
  160  13:44  Pylon  
  160  13:48  Pylon  
  160  13:50  Assimilator  
  160  13:51  Zealot x4  
  160  13:52  Zealot x3  
  160  13:53  Zealot x3  
  180  13:55  Assimilator  
  180  14:00  High Templar x4  
  188  14:04  Archon x2  
  168  14:22  Observer  
  169  14:35  High Templar x5  
  169  14:36  High Templar x5  
  169  14:37  High Templar x2  
  189  14:45  Archon x2  
  189  14:46  Archon x3  
  189  14:47  Archon  
  189  14:51  Immortal  
  193  15:08  Stalker x2  
  164  15:44  High Templar x3  
  164  15:45  High Templar x2  
  164  15:46  High Templar  
  176  15:49  Stalker  
Tags
 
Add a new tag
Caveats
  • Supply blocks, unpowered buildings, or Contaminate may cause inaccurate times.
  • Supply counts are checked every 10 seconds.